 Dungeon Crawl Stone Soup version 0.20.1-1-g8b1a95d (webtiles) character file.

340 dohliylev the Covert (level 6, -2/44 HPs)
             Began as a Vampire Assassin on Dec 4, 2017.
             Slain by an iguana (7 damage)
             ... on level 4 of the Dungeon.
             The game lasted 00:07:23 (3552 turns).

dohliylev the Covert (Vampire Assassin)             Turns: 3552, Time: 00:07:24

Health: -2/44      AC:  6    Str: 10 (12) XL:     6   Next: 30%
Magic:  6/6        EV: 13    Int: 12 (14) God:
Gold:   159        SH:  0    Dex: 16 (17) Spells: 5/5 levels left

rFire    . . .     SeeInvis +   a - +2 dagger
rCold    . . .     Gourm    .   (no shield)
rNeg     + . .     Faith    .   l - +2 robe {MR+}
rPois    .         Spirit   .   u - +0 helmet
rElec    .         Reflect  .   d - +0 cloak
rCorr    .         Harm     .   (no gloves)
MR       +....                  (no boots)
Stlth    ++++......             (no amulet)
Regen    0.2/turn               n - +2 ring of strength
MPRegen  0.1/turn               (no ring)

@: lethally poisoned (-2 -> -8)
A: fangs 3, see invisible, unbreathing
a: Bat Form


You were on level 4 of the Dungeon.
You were not thirsty.

You visited 1 branch of the dungeon, and saw 5 of its levels.

You collected 159 gold pieces.

Inventory:

Hand Weapons
 a - a +2 dagger (weapon)
 b - a +0 blowgun
 s - a +1 short sword of draining
Missiles
 e - 11 poisoned needles
 f - 2 curare-tipped needles
Armour
 d - a +0 cloak (worn)
 l - a +2 robe of magic resistance (worn)
 u - a +0 helmet (worn)
Jewellery
 n - a +2 ring of strength (left hand)
Wands
 t - a wand of random effects (25/48)
Scrolls
 i - 5 scrolls of identify {unknown}
 k - a scroll of teleportation {unknown}
 m - 2 scrolls of magic mapping {unknown}
 o - a scroll of remove curse {unknown}
 q - 2 scrolls of fear {unknown}
Potions
 g - 13 potions of blood
 h - 2 potions of degeneration
 j - a potion of mutation {unknown}
 p - a potion of flight {unknown}
 r - a potion of ambrosia {unknown}


   Skills:
 - Level 1.7 Fighting
 + Level 4.6 Short Blades
 - Level 1.5 Throwing
 + Level 2.2 Dodging
 + Level 9.6 Stealth


You had 5 spell levels left.
You didn't know any spells.

Dungeon Overview and Level Annotations

Branches:
Dungeon (5/15)
 Temple: D:4-7

Altars:


Innate Abilities, Weirdness & Mutations

You have razor-sharp teeth.
You have supernaturally acute eyesight. (SInv)
You can survive without breathing.


Message History

You feel sick. The worker ant closely misses you.
You hit the worker ant but do no damage.
The worker ant is almost dead.
You feel sick. The worker ant bites you.
* * * LOW HITPOINT WARNING * * *
You hit the worker ant. Your bite misses the worker ant.
The worker ant is almost dead.
The worker ant bites you but does no damage.
You hit the worker ant.
You kill the worker ant!
* * * LOW HITPOINT WARNING * * *
You feel sick.
* * * LOW HITPOINT WARNING * * *
You feel sick.
It was a potion of degeneration.
There was something very wrong with that liquid.
You feel weakened.
You feel dopey.
You feel clumsy.
* * * LOW HITPOINT WARNING * * *
You feel sick. The iguana bites you!
You die...

.)...#### .#####.#.#.#.##
.....#### ##........#.#.
.......... #..#.#.#..#.#.
..##################......#..#.#.
.....)..#......#.#.#.(#.#..#.#.#.
#.......#.###.#.#.#.#.....#.#.#.#
...#.#..#...<.s#.#.#.#.#.#.....#.
##.[....###.s.#l#.#.#.#.#.#...#.#
#.#.#..#.#....#@#.#.#.#.#.....#.
#........)..##.#.#.#.#.#.....#.#
#.........###.#.#.#.#.#.....#>#.
#.........+..#.#.#.#.#.#...#.#.#
#.........###.#.#.#.#.#.....#.#.
#.........(....#.#.#.#.#.#.#.#.#
##########.(....#.#.#.#.#.#.#.#.
#.(......#.#.#.#.#.#.#.#
#.#.#.#.#.#.#(#.#.#.#.#.


You could see a scorpion and an iguana.

Vanquished Creatures
  An ogre (D:4)
  2 hounds (D:4)
  2 orc priests (D:4)
  Jessica (D:2)
  A worker ant (D:4)
  A howler monkey skeleton (D:4)
  2 worms
  2 dart slugs
  2 leopard geckos
  5 orcs
  2 ball pythons
  6 bats
  5 giant cockroaches (D:2)
  8 goblins
  7 hobgoblins
  3 kobolds (D:3)
  3 quokkas
  7 frilled lizards
  A quokka skeleton (D:4)
  5 rats
66 creatures vanquished.

Notes
Turn   | Place    | Note
-------+----------+-------------------------------------------
     0 | D:1      | dohliylev the Vampire Assassin began the quest for the Orb.
     0 | D:1      | Reached XP level 1. HP: 16/16 MP: 1/1
   140 | D:1      | Reached skill level 6 in Stealth
   347 | D:1      | Reached XP level 2. HP: 15/22 MP: 2/2
   897 | D:2      | Noticed Jessica
   902 | D:2      | Killed Jessica
   902 | D:2      | Reached skill level 7 in Stealth
   902 | D:2      | Reached XP level 3. HP: 27/27 MP: 3/3
  2262 | D:3      | Reached skill level 8 in Stealth
  2350 | D:3      | Reached XP level 4. HP: 33/33 MP: 4/4
  3077 | D:5      | Entered Level 5 of the Dungeon
  3344 | D:4      | Reached XP level 5. HP: 32/38 MP: 5/5
  3494 | D:4      | Noticed an ogre
  3498 | D:4      | Reached skill level 9 in Stealth
  3533 | D:4      | Killed an ogre
  3533 | D:4      | Reached XP level 6. HP: 29/44 MP: 6/6
  3552 | D:4      | Slain by an iguana

Skill      XL: |  1  2  3  4  5 |
---------------+----------------+-----
Stealth        | 6 7 8 9 |  9.6
Short Blades   | 3 4 |  4.6
Dodging        | 2 |  2.2
Fighting       | |  1.7
Throwing       | |  1.5

Action                   |  1- 3 |  4- 6 || total
-------------------------+-------+-------++-------
Melee: Dagger            |    89 |   101 ||   190
       Bite              |     1 |     9 ||    10
 Fire: Blowgun           |     4 |    27 ||    31
 Abil: End Transformatio |       |     1 ||     1
       Bat Form          |       |     1 ||     1
  Use: Potion            |       |     1 ||     1
 Stab: Sleeping          |    12 |     7 ||    19
       Distracted        |       |     1 ||     1
  Eat: Corpse            |    13 |     1 ||    14
Armor: Robe              |    16 |    17 ||    33
Dodge: Dodged            |    43 |    38 ||    81
